 Dungeon Crawl Stone Soup version 0.30-a0-913-g9934a0ce24 (webtiles) character file.

Game seed: 16677964501973756414

152 Zonian the Ruffian (level 5, -6/28 HPs)
             Began as a Vine Stalker Gladiator on Mar 19, 2023.
             Mangled by Edmund
             ... wielding a +5 heavy flail
              (12 damage)
             ... on level 4 of the Dungeon.
             The game lasted 00:04:48 (3053 turns).

Zonian the Ruffian (Vine Stalker Gladiator)         Turns: 3053, Time: 00:04:50

Health: -6/28      AC:  6    Str: 18    XL:     5   Next: 34%
Magic:  0/6        EV: 12    Int:  8    God:
Gold:   134        SH:  4    Dex: 19    Spells: 4/4 levels left

rFire   . . .      SeeInvis .      - Unarmed
rCold   . . .      Faith    .    j - +0 buckler
rNeg    . . .      Spirit   +    a - +0 leather armour
rPois   .          Reflect  .    b - +0 helmet
rElec   .          Rampage  .    (no cloak)
rCorr   .                        (no gloves)
Will    +....                    i - +1 pair of boots of Xuemn {Will+ Dex+3 Stlth+}
Stlth   ++                       (no amulet)
HPRegen 1.04/turn                (no ring)
MPRegen 0.10/turn                (no ring)

@: no status effects
A: fangs 2, regeneration 1, magic shield, antimagic bite, no potion heal 2
a: no special abilities


You were on level 4 of the Dungeon.
You visited 1 branch of the dungeon, and saw 4 of its levels.

You collected 134 gold pieces.

Inventory:

Missiles
 d - a javelin
 o - 4 poisoned darts (quivered)
Armour
 a - a +0 leather armour (worn)
 b - a +0 helmet (worn)
 i - the +1 pair of boots of Xuemn (worn) {Will+ Dex+3 Stlth+}
   (You found it on level 2 of the Dungeon)

   Dex:       It affects your dexterity (+3).
   Will:      It increases your willpower.
   Stlth:     It makes you more stealthy.
 j - a +0 buckler (worn)
Jewellery
 e - a ring of fire
Scrolls
 f - a scroll of vulnerability
 k - a scroll of fear {unknown}
 l - a scroll of immolation {unknown}
 p - a scroll of noise {unknown}
 q - a scroll of fog {unknown}
 r - a scroll of silence {unknown}
 s - a scroll of torment {unknown}
 t - a scroll of identify {unknown}
 u - a scroll of blinking {unknown}
Potions
 h - a potion of brilliance {unknown}
 m - 3 potions of curing {unknown}
 n - 2 potions of lignification {unknown}


   Skills:
 + Level 3.1 Fighting
 - Level 2.4 Throwing
 - Level 2.9 Dodging
 + Level 4.1 Unarmed Combat


You had 4 spell levels left.
You didn't know any spells.
Your spell library contained the following spells:

 Spells                   Type           Power      Damage    Failure   Level
 Foxfire                  Conj/Fire      0%         2x1d4     58%         1
 Necrotise                Necr           0%         1d4       58%         1
 Sandblast                Erth           0%         2d4       58%         1


Dungeon Overview and Level Annotations

Branches:
Dungeon (4/15)
 Temple: D:4-7

Altars:

Shops:
D:4 [

Annotations:
D:4 Edmund


Innate Abilities, Weirdness & Mutations

You have extremely sharp teeth.
Your natural rate of healing is unusually fast.
When hurt, damage is shared between your health and your magic reserves.
Your bite disrupts and absorbs the magic of your enemies.
Potions cannot restore your health.


Message History

Aim: Edmund, wielding a +5 heavy flail, wearing a +0 chain mail of cold resistance and carrying a wand of flame (17) (70% to hit)
You throw a throwing net. The throwing net hits Edmund.
Edmund is caught in the net!
Edmund struggles against the net.
Edmund struggles against the net.
There is an open door here.
You hit Edmund but do no damage. You bite Edmund. You drain his power.
Edmund is lightly wounded.
Edmund struggles against the net.
You hit Edmund. You bite Edmund. You drain his power.
Edmund is moderately wounded.
Edmund struggles against the net.
You hit Edmund but do no damage. You bite Edmund, but do no damage.
Edmund is moderately wounded.
Edmund struggles against the net.
The net rips apart, and Edmund comes free!
You closely miss Edmund.
Edmund is moderately wounded.
Edmund hits you with a +5 heavy flail!
You closely miss Edmund.
Edmund is moderately wounded.
You barely miss Edmund. You bite Edmund, but do no damage.
Edmund is moderately wounded.
Edmund hits you with a +5 heavy flail!
You hit Edmund.
Edmund is moderately wounded.
Edmund zaps a wand.
The puff of flame hits you.
You hit Edmund but do no damage.
Edmund is moderately wounded.
Edmund hits you with a +5 heavy flail!
* * * LOW HITPOINT WARNING * * *
You barely miss Edmund. You bite Edmund. You drain his power.
You feel invigorated.
Edmund is heavily wounded.
Throw: throwing net
Press: ? - help, Shift-Dir - straight line, f/p - Edmund
Aim: Edmund, wielding a +5 heavy flail, wearing a +0 chain mail of cold resistance and carrying a wand of flame (16) (heavily wounded, 70% to hit)
You throw a throwing net. The throwing net closely misses Edmund.
Edmund hits you with a +5 heavy flail!!
You die...

##.# #.####
#@#########... ...#
#....# #...).....####
#### ####.#
#.........# # #.#
#.........# #.#
#.........# #.#
#.........# #.#
#.........# #.#
#.........#
#####@###.#######..
........@...#
............#
........)...#######..
...........(......@..
...........######....
...........# .
...........#
.........#


You could see Edmund.

Vanquished Creatures
  A hound (D:4)
  3 adders
  3 gnolls (D:4)
  A worm (D:2)
  2 dart slugs
  5 orcs (D:3)
  3 endoplasms
  A giant cockroach (D:1)
  9 goblins
  A hobgoblin (D:3)
  2 kobolds
  4 quokkas
  7 ball pythons
  4 bats
  5 frilled lizards
  5 rats
56 creatures vanquished.

Notes
Turn   | Place    | Note
-------+----------+-------------------------------------------
     0 | D:1      | Zonian the Vine Stalker Gladiator began the quest for the
                  | Orb.
     0 | D:1      | Reached XP level 1. HP: 11/11 MP: 2/2
    77 | D:1      | Reached XP level 2. HP: 10/15 MP: 3/3
   215 | D:1      | Found a faded altar of an unknown god.
   506 | D:1      | Reached XP level 3. HP: 15/18 MP: 4/4
   926 | D:2      | Identified the +1 pair of boots of Xuemn {Will+ Dex+3
                  | Stlth+}
  1207 | D:2      | Got Practicing Spellwork
  1277 | D:2      | Gained mutation: Your natural rate of healing is unusually
                  | fast. [Vine Stalker growth]
  1277 | D:2      | Reached XP level 4. HP: 19/23 MP: 3/5
  2356 | D:4      | Found Ufao's Armour Shop.
  2801 | D:4      | Reached skill level 4 in Unarmed Combat
  2801 | D:4      | Reached XP level 5. HP: 28/28 MP: 6/6
  2831 | D:4      | Noticed Edmund
  3053 | D:4      | Mangled by Edmund

Illustrated notes

Levels and vault maps discovered:
D:1:      beargit_arrival_greenhouse, layout_loops_cross,
          hellmonk_ecumenical_altar_zigzags, minmay_strange_pillars,
          minmay_statues_item
D:2:      layout_basic
D:3:      layout_loops_ring, minmay_misc_feat_five, minmay_crystal_room,
          minivault_5
D:4:      layout_basic, serial_shops, nicolae_shop_crystal,
          minmay_misc_feat_more_columns, uniq_edmund, uniq_crazy_yiuf_cottage

Skill      XL: |  1  2  3  4 |
---------------+-------------+-----
Fighting       | 2 3 |  3.1
Throwing       | 2 |  2.4
Unarmed Combat | 4 |  4.1
Dodging        | |  2.9

Action                     |  1- 3 |  4- 6 || total
---------------------------+-------+-------++-------
  Melee: Unarmed           |    95 |    78 ||   173
         Bite              |    23 |    25 ||    48
  Throw: Throwing net      |     2 |     2 ||     4
    Use: Scroll            |       |     4 ||     4
   Stab: Sleeping          |     1 |     4 ||     5
 Armour: Leather armour    |    28 |    13 ||    41
  Dodge: Dodged            |    53 |    28 ||    81
  Block: Buckler           |     2 |    13 ||    15

Table legend: (Time is in decaauts)
 A = Elapsed time spent in this place.
 B = Non-inter-level travel time spent in this place.
 C = Inter-level travel time spent in this place.
 D = Time resting spent in this place.
 E = Time spent auto-exploring this place.
 F = Levels seen in this place.
 G = Mean time per level.
                   A        B        C        D        E       F      G
               +--------+--------+--------+--------+--------+-----+--------+
         Total |   3044 |   2872 |    172 |    254 |   2094 |   4 |  761.0 |
       Dungeon |   3044 |   2872 |    172 |    254 |   2094 |   4 |  761.0 |
               +--------+--------+--------+--------+--------+-----+--------+

Top non-repeatable levels by time:
     D:1: 882 daAuts
     D:3: 804 daAuts
     D:4: 695 daAuts
     D:2: 661 daAuts
